 Dungeon Crawl Stone Soup version 0.27-a0-869-g165b36e3f0 (webtiles) character file.

Game seed: 755733791636641996

72 jasper the Insei (level 4, 0/33 HPs)
             Began as a Djinni Transmuter on Apr 2, 2021.
             Slain by an orc
             ... wielding a +0 short sword
              (6 damage)
             ... on level 3 of the Dungeon.
             The game lasted 00:04:21 (2950 turns).

jasper the Insei (Djinni Transmuter)                Turns: 2950, Time: 00:04:21

Health: 0/33       AC:  3    Str:  9    XL:     4   Next: 26%
Gold:   77         EV: 12    Int: 16    God:
                   SH:  0    Dex: 13

rFire    + + .     SeeInvis .     - Unarmed
rCold    x . .     Faith    .   (no shield)
rNeg     . . .     Spirit   .   a - +0 robe
rPois    ∞         Reflect  .   b - +0 helmet
rElec    .         Harm     .   (no cloak)
rCorr    .         Rampage  .   (no gloves)
Will     .....                  (boots unavailable)
Stlth    +.........             (no amulet)
HPRegen  0.11/turn              (no ring)
MPRegen  0.00/turn              (no ring)

@: flying
A: fire resistance 2, cold vulnerability 1, float, innate caster, hp casting,
extra vitality 1
a: no special abilities


You were on level 3 of the Dungeon.
You visited 1 branch of the dungeon, and saw 3 of its levels.

You collected 77 gold pieces.

Inventory:

Missiles
 c - 34 stones (quivered)
Armour
 a - a +0 robe (worn)
 b - a +0 helmet (worn)
 e - a +0 ring mail
 h - a +0 leather armour of cold resistance
Scrolls
 f - 3 scrolls of fog {unknown}
 g - 2 scrolls of identify {unknown}
 i - a scroll of amnesia {unknown}
Potions
 d - a potion of heal wounds {unknown}
 k - a potion of magic {unknown}


   Skills:
 + Level 1.8 Fighting
 + Level 2.9 Dodging
 * Level 3.8 Unarmed Combat
 + Level 2.3 Spellcasting


You couldn't memorise any spells.
You knew the following spells:

 Your Spells              Type           Power      Damage    Failure   Level
a - Beastly Appendage     Tmut           18%        N/A       8%          1
b - Wereblood             Tmut           9%         N/A       12%         2
c - Spider Form           Tmut/Pois      4%         N/A       24%         3
d - Ice Form              Ice/Tmut       9%         N/A       61%         4
e - Hydra Form            Tmut           4%         N/A       91%         5
f - Summon Small Mammal   Summ           36%        N/A       8%          1
Your spell library was empty.

Dungeon Overview and Level Annotations

Branches:
Dungeon (3/15)

Altars:


Innate Abilities, Weirdness & Mutations

You are immune to poison.
Your flesh is very heat resistant. (rF++)
You are vulnerable to cold. (rC-)
You float through the air rather than walking.
You learn spells naturally, not from books.
Your magical power is your life essence.
You have superior vitality. (+4 HP)


Message History

The orc is moderately wounded.
The orc closely misses you.
You hit the orc.
The orc is almost dead.
Your primal bloodlust is almost over.
You closely miss the orc.
The orc is almost dead.
The orc closely misses you.
You barely miss the orc.
The orc is almost dead.
The orc misses you.
You closely miss the orc.
The orc is almost dead.
The orc hits you with a +0 flail!
You take 7 damage, and have 14/33 hp.
MASSIVE DAMAGE!!
You punch the orc!
You kill the orc!
You barely miss the orc. You hit the orc.
The orc is lightly wounded.
Your primal bloodlust has ended.
The orc hits you with a +0 short sword.
You take 4 damage, and have 10/33 hp.
You barely miss the orc.
The orc is lightly wounded.
The orc closely misses you.
You closely miss the orc.
The orc is lightly wounded.
The orc hits you with a +0 short sword.
* * * LOW HITPOINT WARNING * * *
You take 5 damage, and have 5/33 hp.
You closely miss the orc.
The orc is lightly wounded.
The orc misses you.
Throw: 35 stones
Press: ? - help, Q - select action, (/) - cycle Shift-Dir - straight line, f - orc
Aim: an orc, wielding a +0 short sword (lightly wounded, 56% to hit)
You throw a stone. The stone barely misses the orc.
The orc hits you with a +0 short sword.
You die...

#.#############
##......†....... .o...?
#.###........... ..... .##
##.######### oo(.# .# #....#
..o.# .## ##....# .o..#
>.###.#...#### ....#
.#...........#########.($.#..
#.#.............@o...(.(.....
##...........#########....##.
##.###...#### ....# ##..#
#...# ....# #...# #...# ###.#
.#..# ##.## ... ....# #.# ##.
.##.# #.# ..#.# #.####


You could see an orc.

Vanquished Creatures
  An adder (D:2)
  2 dart slugs
  5 orcs (D:3)
  7 ball pythons
  8 endoplasms
  A goblin (D:2)
  9 hobgoblins
  2 quokkas
  2 bats
  A frilled lizard (D:1)
  7 kobolds
  5 rats
50 creatures vanquished.

Notes
Turn   | Place    | Note
-------+----------+-------------------------------------------
     0 | D:1      | jasper the Djinni Transmuter began the quest for the Orb.
     0 | D:1      | Reached XP level 1. HP: 17/17 MP: 0/0
   396 | D:1      | Reached XP level 2. HP: 19/22 MP: 0/0
  1474 | D:1      | Reached XP level 3. HP: 27/27 MP: 0/0
  1474 | D:1      | Learned a level 1 spell: Summon Small Mammal
  1862 | D:2      | Found a faded altar of an unknown god.
  2767 | D:3      | Reached XP level 4. HP: 33/33 MP: 0/0
  2950 | D:3      | Slain by an orc

Illustrated notes

Levels and vault maps discovered:
D:1:      eino_arrival_cavern_b, layout_loops_ring
D:2:      layout_loops_ring, chequers_ecumenical_altar_simple
D:3:      layout_loops_ring

Skill      XL: |  1  2 |
---------------+-------+-----
Spellcasting   | 2 |  2.3
Fighting       | |  1.8
Dodging        | |  2.9
Unarmed Combat | |  3.8

Action                   |  1- 3 |  4- 6 || total
-------------------------+-------+-------++-------
Melee: Unarmed           |   109 |    30 ||   139
       Headbutt          |    11 |       ||    11
Throw: Boomerang         |    55 |       ||    55
       Dart              |     1 |     3 ||     4
       Stone             |       |     1 ||     1
 Cast: Beastly Appendage |    18 |       ||    18
       Wereblood         |       |     1 ||     1
 Stab: Sleeping          |     1 |       ||     1
Armor: Robe              |    14 |     3 ||    17
Dodge: Dodged            |    79 |    11 ||    90

Table legend: (Time is in decaauts)
 A = Elapsed time spent in this place.
 B = Non-inter-level travel time spent in this place.
 C = Inter-level travel time spent in this place.
 D = Time resting spent in this place.
 E = Time spent auto-exploring this place.
 F = Levels seen in this place.
 G = Mean time per level.
                   A        B        C        D        E       F      G
               +--------+--------+--------+--------+--------+-----+--------+
         Total |   2956 |   2908 |     48 |   1093 |   1366 |   3 |  985.3 |
       Dungeon |   2956 |   2908 |     48 |   1093 |   1366 |   3 |  985.3 |
               +--------+--------+--------+--------+--------+-----+--------+

Top non-repeatable levels by time:
     D:1: 1756 daAuts
     D:2: 901 daAuts
     D:3: 298 daAuts
